AoeStats
← deibergu17

Arabia

509595549Analyzed
4v4 RM · 5d ago on Sep 27, 2026· 18m 18s· 8 players
Game mode
Random Map
Map size
Large (8 player)
Population
200
Speed
Normal
Resources
Standard
Victory
Conquest
Starting age
Dark Age
Ending age
Imperial Age
RankedLock teamsTeams togetherTeam positionsShared explorationLock speedFull tech treeHidden civsTurbo modeCheats
Victory
Defeat
🇵🇱 Mongols · Poland
955
+17
🇪🇸 Lithuanians · Spain
950
+17
🇫🇷 Japanese · France
918
+19
🇪🇸 Saxons · Spain
898
+19
🇹🇷 Poles · Türkiye
1033
-20
🇨🇳 Danes · China
1031
-21
🇩🇪 Japanese · Germany
926
-16
🇩🇪 Spanish · Germany
911
-15
deibergu17
5:14 Loom
5:19 Loom
10:43 Feudal Age
13:18 Horse Collar
15:26 Bloodlines
Spartanx
10:04 Feudal Age
10:41 Double-Bit Axe
17:28 Castle Age
15:29 Horse Collar
16:38 Gold Mining
16:39 Stone Mining
odoaker2
11:16 Feudal Age
11:53 Double-Bit Axe
15:11 Forging
15:58 Scale Barding Armor
Skibidi Bop
8:20 Loom
10:19 Feudal Age
Hank
Neo
REPLICANT
2:41 Loom
11:36 Feudal Age
14:05 Bloodlines
14:24 Scale Barding Armor
16:48 Forging
18:27 Loom
Enrique
Connection lost

Rejoining the realm…

Still unreachable

The connection could not be restored.

Session expired

The server has moved on; the page needs a fresh start.